Map: Triton LE

Players

ZESTisBEST

  • Race: Protoss Protoss
  • League: Master
  • Spawn Location: 5:00

Turing

  • Race: Zerg Zerg
  • League: Master
  • Spawn Location: 11:00

VOD

Have the link to the VOD?

Description

Time

  • Played on: Sept. 21, 2019, 2:14 p.m.
  • Length: 5:04
Show
View Real Time Build Order
Export as new Build Order

ZESTisBEST Protoss 

Build Orders: 1 Gate Expand, Oracle Opening 

Get SALT Encoding   

  12  0:01  Probe  
  13  0:13  Probe  
  14  0:20  Pylon  
  14  0:25  Probe (Chrono Boost)  
  15  0:39  Probe (Chrono Boost)  
  15  0:40  Gateway  
  16  0:46  Probe (Chrono Boost)  
  16  0:48  Assimilator  
  17  0:53  Probe  
  18  1:05  Probe  
  19  1:19  Probe  
  20  1:26  Nexus  
  20  1:35  Cybernetics Core  
  20  1:38  Probe  
  21  1:45  Assimilator  
  21  1:50  Probe  
  22  1:54  Pylon  
  22  2:02  Probe  
  23  2:09  Adept (Chrono Boost)  
  23  2:14  Probe  
  26  2:24  Stargate  
  26  2:26  Probe  
  22  2:30  Adept (Chrono Boost)  
  27  2:35  Warp Gate  
  29  2:38  Probe  
  29  2:39  Probe  
  30  2:48  Gateway  
  30  2:51  Probe  
  31  2:52  Probe  
  32  3:03  Probe  
  32  3:04  Probe  
  34  3:06  Oracle (Chrono Boost)  
  37  3:15  Probe  
  37  3:18  Pylon  
  38  3:20  Probe  
  39  3:27  Probe, Adept (Chrono Boost)  
  39  3:32  Probe  
  43  3:39  Oracle, Probe  
  47  3:44  Shield Battery  
  47  3:48  Gateway, Probe  
  48  3:51  Probe  
  49  4:00  Probe  
  50  4:03  Probe  
  50  4:04  Pylon  
  50  4:05  Gateway  
  50  4:09  Shield Battery, Sentry  
  53  4:19  Pylon  
  53  4:21  Probe  
  53  4:23  Sentry, Assimilator  
  56  4:25  Pylon, Assimilator  
  56  4:29  Probe  
  57  4:32  Pylon  
  57  4:33  Probe  
  58  4:40  Phoenix (Chrono Boost)  
  58  4:43  Probe  
  61  4:48  Probe  
  62  4:55  Robotics Facility  
  60  5:00  Pylon  
Show
View Real Time Build Order
Export as new Build Order

Turing Zerg 

Build Orders: Hatch First 

Get SALT Encoding   

  12  0:01  Drone  
  13  0:13  Overlord  
  13  0:17  Drone  
  14  0:31  Drone x2  
  14  0:35  Drone  
  17  0:52  Hatchery  
  17  0:55  Drone  
  17  0:57  Drone  
  18  1:09  Extractor  
  17  1:13  Spawning Pool  
  17  1:15  Drone  
  17  1:18  Drone  
  18  1:29  Drone  
  19  1:40  Overlord  
  19  2:00  Zergling x2, Queen  
  22  2:01  Zergling x2  
  22  2:05  Queen  
  22  2:06  Drone  
  22  2:08  Metabolic Boost  
  26  2:16  Drone x2  
  28  2:23  Drone  
  29  2:30  Drone  
  30  2:42  Queen  
  32  2:45  Lair  
  32  2:46  Drone x2  
  32  2:49  Drone, Extractor  
  32  2:50  Extractor  
  33  2:52  Drone  
  33  2:57  Overlord  
  34  3:01  Drone  
  35  3:09  Zergling x2  
  36  3:18  Overlord  
  36  3:20  Zergling x6  
  36  3:22  Drone x2  
  41  3:29  Drone x2  
  41  3:30  Drone  
  44  3:36  Drone  
  44  3:37  Drone  
  46  3:47  Infestation Pit  
  46  3:48  Drone x3  
  48  3:57  Spore Crawler  
  46  4:03  Drone x3  
  46  4:06  Drone  
  46  4:07  Spore Crawler, Drone  
  46  4:09  Drone  
  51  4:20  Overlord  
  51  4:21  Overlord  
  51  4:22  Overlord, Extractor  
  50  4:30  Nydus Network  
  49  4:35  Overlord  
Tags
 
Add a new tag
Caveats
  • Supply blocks, unpowered buildings, or Contaminate may cause inaccurate times.
  • Supply counts are checked every 10 seconds.